 Dungeon Crawl Stone Soup version 0.30-a0-630-g881e3bac89 (webtiles) character file.

Game seed: 726643015346859297

162 M4edhros the Charlatan (level 5, -5/35 HPs)
             Began as an Octopode Artificer on Jan 13, 2023.
             Slain by a killer bee (8 damage)
             ... on level 4 of the Dungeon.
             The game lasted 00:01:49 (1417 turns).

M4edhros the Charlatan (Octopode Artificer)         Turns: 1417, Time: 00:01:49

Health: -5/35      AC:  1    Str: 11    XL:     5   Next: 43%
Magic:  5/5        EV: 14    Int: 13    God:
Gold:   110        SH:  0    Dex: 15    Spells: 4/4 levels left

rFire   . . .      SeeInvis .    a - +0 club
rCold   . . .      Faith    .    (no shield)
rNeg    . . .      Spirit   .    (helmet restricted)
rPois   .          Reflect  .    (no amulet)
rElec   .          Harm     .    (no ring)
rCorr   .          Rampage  .    (no ring)
Will    .....                    (no ring)
Stlth   ++++                     (no ring)
HPRegen 0.25/turn                (no ring)
MPRegen 0.09/turn                (no ring)
                                 (no ring)
                                 (no ring)

@: no status effects
A: almost no armour, amphibious, 8 rings, camouflage 1, gelatinous body 1,
(nimble swimmer 1), tentacles
a: no special abilities


You were on level 4 of the Dungeon.
You visited 1 branch of the dungeon, and saw 4 of its levels.

You collected 110 gold pieces.

Inventory:

Hand Weapons
 a - a +0 club (weapon)
Jewellery
 j - a ring of fire
 k - an amulet of the acrobat
Wands
 b - a wand of flame (13) (quivered)
 c - a wand of charming (8)
 d - a wand of iceblast (4)
Scrolls
 e - a scroll of noise {unknown}
 g - 4 scrolls of identify {unknown}
 i - a scroll of summoning {unknown}
 m - a scroll of amnesia {unknown}
 n - a scroll of torment {unknown}
 o - a scroll of poison {unknown}
Potions
 f - 2 potions of curing {unknown}
 h - 2 potions of attraction {unknown}
 l - a potion of flight {unknown}
 p - a potion of degeneration {unknown}
 q - a potion of cancellation {unknown}


   Skills:
 + Level 2.6 Fighting
 + Level 3.4 Dodging
 + Level 3.8 Stealth
 + Level 4.3 Evocations


You had 4 spell levels left.
You didn't know any spells.
Your spell library contained the following spells:

 Spells                   Type           Power      Damage    Failure   Level
 Blink                    Tloc           0%         N/A       43%         2
 Momentum Strike          Conj/Tloc      0%         3d8       43%         2
 Lesser Beckoning         Tloc           0%         N/A       67%         3


Dungeon Overview and Level Annotations

Branches:
Dungeon (4/15)
 Temple: D:4-7

Altars:

Shops:
D:1 *


Innate Abilities, Weirdness & Mutations

You cannot wear most types of armour.
You are amphibious.
You can wear up to eight rings at the same time.
Your skin changes colour to match your surroundings (Stealth+).
Your rubbery body absorbs attacks. (AC +1, EV +1)
((You are camouflaged when in or above water. (Stealth+)))
You have tentacles for arms and can constrict up to eight enemies at once.


Message History

Your killer bee completely misses the killer bee.
The killer bee completely misses your killer bee.
The killer bee stings your killer bee!
The killer bee closely misses your killer bee.
Your killer bee misses the killer bee.
The killer bee barely misses your killer bee.
Your killer bee misses the killer bee.
The killer bee stings your killer bee.
Your killer bee dies!
Aiming: Charm
Press: ? - help, Shift-Dir - straight line, f - you
Okay, then.
Aiming: Iceblast
Press: ? - help, Shift-Dir - straight line
Okay, then.
Okay, then.
You miss the killer bee. Your grab misses the killer bee.
You squeeze the killer bee, but do no damage.
The killer bee is severely wounded.
Your killer bee dies!
The killer bee misses you. The killer bee stings you.
The killer bee misses you. The killer bee barely misses you.
Aiming: Charm
Press: ? - help, Shift-Dir - straight line, f - killer bee
Aim: a killer bee (chance to affect: 67%)
The killer bee is charmed.
The killer bee dies!
The killer bee closely misses your killer bee.
The killer bee stings you!
The killer bee closely misses your killer bee.
The killer bee barely misses you.
Aiming: Charm
Press: ? - help, Shift-Dir - straight line, f - killer bee
Aim: a killer bee (chance to affect: 68%)
The killer bee struggles to resist.
Your killer bee completely misses the killer bee.
The killer bee stings your killer bee! The killer bee stings you!
* * * LOW HITPOINT WARNING * * *
The killer bee misses your killer bee.
Your killer bee stings the killer bee.
The killer bee stings you!
You die...

....... #.. #..#
....... . #...
....... #... .......
.## ..###... .......
.. ## ........
.......### .##.#
........
.......†.###..>..
.(....#. #yy†....# #
......##
##y@....#.###.....
#.#..........##..###
#....[...##.. ...#
!....#..#..#######.#
....######........#.#
...# ##...#..#..###
... ##..####......#
#.
#####...###.......# #
#......)))........###


You could see 2 killer bees and a friendly killer bee (charmed).

Vanquished Creatures
  3 gnolls (D:4)
  3 adders
  A dart slug (D:1)
  3 orcs (D:4)
  2 bats
  3 endoplasms
  3 giant cockroaches
  4 goblins
  4 hobgoblins
  8 kobolds
  2 ball pythons (D:4)
  A rat (D:3)
37 creatures vanquished.

Vanquished Creatures (collateral kills)
  A killer bee (D:4)
  An orc (D:4)
2 creatures vanquished.

Vanquished Creatures (others)
  2 killer bees (D:4)
  An orc wizard (D:4)
  A gnoll (D:4)
4 creatures vanquished.

Grand Total: 43 creatures vanquished

Notes
Turn   | Place    | Note
-------+----------+-------------------------------------------
     0 | D:1      | M4edhros the Octopode Artificer began the quest for the
                  | Orb.
     0 | D:1      | Reached XP level 1. HP: 13/13 MP: 1/1
   117 | D:1      | Reached XP level 2. HP: 18/18 MP: 2/2
   365 | D:1      | Found Xowophev's Assorted Antiques.
   671 | D:2      | Reached XP level 3. HP: 15/23 MP: 3/3
   956 | D:3      | Reached XP level 4. HP: 29/29 MP: 4/4
  1062 | D:4      | Reached skill level 4 in Evocations
  1243 | D:4      | Reached XP level 5. HP: 3/35 MP: 5/5
  1417 | D:4      | Slain by a killer bee

Illustrated notes

Levels and vault maps discovered:
D:1:      elethiomel_arrival_quiet, layout_basic, serial_shops,
          nicolae_shop_statue_plus, nrook_mini_vaults,
          nicolae_concentric_dashed_squares_mild
D:2:      layout_loops_cross, serial_shops, shop
D:3:      layout_basic, nicolae_qazlal_style_of_elements,
          hellmonk_okawaru_the_only_friend_you_need
D:4:      layout_cave_pools

Skill      XL: |  1  2  3  4 |
---------------+-------------+-----
Stealth        | 2 3 |  3.8
Dodging        | 3 |  3.4
Fighting       | 2 |  2.6
Evocations     | 4 |  4.3

Action                   |  1- 3 |  4- 6 || total
-------------------------+-------+-------++-------
Melee: Club              |    65 |    26 ||    91
       Constrict         |    15 |    10 ||    25
       Tentacles         |    16 |     6 ||    22
       Punch             |       |     1 ||     1
Evoke: Wand              |       |    10 ||    10
 Stab: Sleeping          |     7 |     2 ||     9
Armor: Skin              |     7 |     1 ||     8
Dodge: Dodged            |    35 |    18 ||    53

Table legend: (Time is in decaauts)
 A = Elapsed time spent in this place.
 B = Non-inter-level travel time spent in this place.
 C = Inter-level travel time spent in this place.
 D = Time resting spent in this place.
 E = Time spent auto-exploring this place.
 F = Levels seen in this place.
 G = Mean time per level.
                   A        B        C        D        E       F      G
               +--------+--------+--------+--------+--------+-----+--------+
         Total |   1444 |   1405 |     39 |    199 |    863 |   4 |  361.0 |
       Dungeon |   1444 |   1405 |     39 |    199 |    863 |   4 |  361.0 |
               +--------+--------+--------+--------+--------+-----+--------+

Top non-repeatable levels by time:
     D:1: 566 daAuts
     D:4: 457 daAuts
     D:2: 272 daAuts
     D:3: 147 daAuts
